3AAA
PENNSAUKEN FLYERS @ HAMILTON COYOTES
08/20/2039
 
TOP OF THE 1ST
Pennsauken Flyers batting - Pitching for Hamilton Coyotes : LHP Pete Rhue
Pitching: LHP Pete Rhue
Batting: RHB Kian Curling 0-0: Ball
1-0: Called Strike
1-1: Foul Ball, location: 2F
1-2: Ball
2-2: Strikes out swinging
Batting: RHB Manuel Vallejo 0-0: Called Strike
0-1: SINGLE (Groundball, 6D, EV 104.4 MPH)
Batting: RHB Bras Castanheta 0-0: Ball
1-0: Ball
Manuel Vallejo is caught stealing 2nd base 2-4
2-0: Fly out, F4 (Popup, 34D, EV 56.2 MPH)
Top of the 1st over - 0 runs, 1 hit, 0 errors, 0 left on base; Pennsauken 0 - Hamilton 0
BOTTOM OF THE 1ST
Hamilton Coyotes batting - Pitching for Pennsauken Flyers : LHP Kevin Beckman
Pitching: LHP Kevin Beckman
Batting: RHB Giddy Potts 0-0: Ball
1-0: Fly out, F7 (Flyball, 7, EV 98.1 MPH)
Batting: RHB José Bumgarnor 0-0: Ball
1-0: Foul Ball, location: 2F
1-1: Swinging Strike
1-2: Ground out 6-3 (Groundball, 6, EV 108.8 MPH)
Batting: RHB Hou Kong 0-0: Ball
1-0: Fly out, F5 (Popup, 5S, EV 74.4 MPH)
Bottom of the 1st over - 0 runs, 0 hits, 0 errors, 0 left on base; Pennsauken 0 - Hamilton 0
TOP OF THE 2ND
Pennsauken Flyers batting - Pitching for Hamilton Coyotes : LHP Pete Rhue
Batting: RHB Kasper Schuilenberg 0-0: SINGLE (Groundball, 6MD, EV 105.6 MPH)
Batting: RHB José Ortega 0-0: Called Strike
0-1: Ball
Wild Pitch!
Kasper Schuilenberg to second
1-1: Ball
2-1: Foul Ball, location: 2F
2-2: Foul Ball, location: 2F
2-2: Fly out, F9 (Line Drive, 9, EV 104.4 MPH)
Batting: LHB Rafael Barrueco 0-0: Called Strike
0-1: Foul Ball, location: 2F
0-2: Ball
1-2: Foul Ball, location: 2F
1-2: Ball
2-2: Foul Ball, location: 2F
2-2: Ball
3-2: SINGLE (Flyball, 7S, EV 85.6 MPH)
Kasper Schuilenberg to third
Runner from 3rd tries for Home, SAFE, no throw by LF
Batting: RHB Adam Wiltern 0-0: Ball
1-0: SINGLE (Groundball, 6MD, EV 101.2 MPH)
Rafael Barrueco to second
Batting: LHB Masamune Ueda 0-0: Ball
Wild Pitch!
Rafael Barrueco to third
Adam Wiltern to second
1-0: Ball
2-0: Foul Ball, location: 2F
2-1: Ball
3-1: 3-RUN HOME RUN (Flyball, 89XD, EV 98.8 MPH), Distance : 404 ft
Batting: LHB Michael Cochran 0-0: Ground out 6-3 (Groundball, 56, EV 105.0 MPH)
Batting: RHB Kian Curling 0-0: Called Strike
0-1: Foul Ball, location: 2F
0-2: Ball
1-2: Ball
2-2: Strikes out swinging
Top of the 2nd over - 4 runs, 4 hits, 0 errors, 0 left on base; Pennsauken 4 - Hamilton 0
BOTTOM OF THE 2ND
Hamilton Coyotes batting - Pitching for Pennsauken Flyers : LHP Kevin Beckman
Batting: LHB Bartholomew Bailey 0-0: Called Strike
0-1: Ball
1-1: Ball
2-1: Fly out, F5 (Popup, 5F, EV 63.1 MPH)
Batting: RHB Manuel Vroonland 0-0: Called Strike
0-1: Ball
1-1: Foul Ball, location: 2F
1-2: SINGLE (Groundball, 4D, EV 99.4 MPH)
Batting: RHB Júlio Robles 0-0: Ball
1-0: Ball
2-0: Swinging Strike
2-1: Called Strike
2-2: Ball
3-2: Grounds into double play, 4-6-3 (Groundball, 4, EV 81.2 MPH)
Bottom of the 2nd over - 0 runs, 1 hit, 0 errors, 0 left on base; Pennsauken 4 - Hamilton 0
TOP OF THE 3RD
Pennsauken Flyers batting - Pitching for Hamilton Coyotes : LHP Pete Rhue
Batting: RHB Manuel Vallejo 0-0: Ball
1-0: Ground out 5-3 (Groundball, 56S, EV 87.5 MPH)
Batting: RHB Bras Castanheta 0-0: Ball
1-0: Foul Ball, location: 2F
1-1: Ball
2-1: Foul Ball, location: 2F
2-2: Ball
3-2: Foul Ball, location: 2F
3-2: Base on Balls
Batting: RHB Kasper Schuilenberg 0-0: Called Strike
0-1: Ball
1-1: Ball
2-1: Fly out, F8 (Line Drive, 8RM, EV 93.8 MPH)
Batting: RHB José Ortega 0-0: Ball
1-0: Called Strike
1-1: Swinging Strike
1-2: Fly out, F9 (Flyball, 9S, EV 93.1 MPH)
Top of the 3rd over - 0 runs, 0 hits, 0 errors, 1 left on base; Pennsauken 4 - Hamilton 0
BOTTOM OF THE 3RD
Hamilton Coyotes batting - Pitching for Pennsauken Flyers : LHP Kevin Beckman
Batting: LHB Freddy Campos 0-0: Swinging Strike
0-1: Ball
1-1: Called Strike
1-2: Ball
2-2: Ground out 6-3 (Groundball, 6, EV 83.1 MPH)
Batting: RHB Yang-joo Pak 0-0: Ball
1-0: Called Strike
1-1: Swinging Strike
1-2: Ball
2-2: Strikes out swinging
Batting: LHB Don McGhee 0-0: Called Strike
0-1: Called Strike
0-2: Strikes out swinging
Bottom of the 3rd over - 0 runs, 0 hits, 0 errors, 0 left on base; Pennsauken 4 - Hamilton 0
TOP OF THE 4TH
Pennsauken Flyers batting - Pitching for Hamilton Coyotes : LHP Pete Rhue
Batting: LHB Rafael Barrueco 0-0: Called Strike
0-1: Called Strike
0-2: Ball
1-2: Strikes out swinging
Batting: RHB Adam Wiltern 0-0: Called Strike
0-1: Foul Ball, location: 2F
0-2: Strikes out swinging
Batting: LHB Masamune Ueda 0-0: Ball
1-0: Ball
2-0: Called Strike
2-1: Fly out, F9 (Flyball, 9LDF, EV 107.5 MPH)
Top of the 4th over - 0 runs, 0 hits, 0 errors, 0 left on base; Pennsauken 4 - Hamilton 0
BOTTOM OF THE 4TH
Hamilton Coyotes batting - Pitching for Pennsauken Flyers : LHP Kevin Beckman
Batting: RHB Giddy Potts 0-0: Called Strike
0-1: Ball
1-1: Ball
2-1: Foul Ball, location: 2F
2-2: Ball
3-2: Foul Ball, location: 2F
3-2: Foul Ball, location: 2F
3-2: SINGLE (Groundball, 4MD, EV 101.2 MPH)
Batting: RHB José Bumgarnor 0-0: Called Strike
0-1: Ball
1-1: Fly out, F3 (Popup, 3F, EV 70.0 MPH)
Batting: RHB Hou Kong 0-0: Ball
1-0: Called Strike
1-1: Ball
2-1: Called Strike
2-2: Fly out, F7 (Flyball, 7LSF, EV 90.0 MPH)
Batting: LHB Bartholomew Bailey 0-0: Ball
1-0: Fly out, F6 (Flyball, 56D, EV 97.5 MPH)
Bottom of the 4th over - 0 runs, 1 hit, 0 errors, 1 left on base; Pennsauken 4 - Hamilton 0
TOP OF THE 5TH
Pennsauken Flyers batting - Pitching for Hamilton Coyotes : LHP Pete Rhue
Batting: LHB Michael Cochran 0-0: Called Strike
0-1: Ball
1-1: Ball
2-1: Ball
3-1: Foul Ball, location: 2F
3-2: Ground out 1-3 (Groundball, 13, EV 90.6 MPH)
Batting: RHB Kian Curling 0-0: Called Strike
0-1: Foul Ball, location: 2F
0-2: Ball
1-2: Fly out, F7 (Flyball, 78M, EV 86.9 MPH)
Batting: RHB Manuel Vallejo 0-0: Ball
1-0: Foul Ball, location: 2F
1-1: SINGLE (Groundball, 6MD, EV 101.2 MPH)
Batting: RHB Bras Castanheta 0-0: Called Strike
0-1: Ball
1-1: Ball
2-1: Ball
3-1: Base on Balls
Manuel Vallejo to second
Batting: RHB Kasper Schuilenberg 0-0: Called Strike
0-1: DOUBLE (Flyball, 9LD, EV 104.4 MPH)
Manuel Vallejo scores
Bras Castanheta to third
Runner from 3rd tries for Home, throw by RF and OUT! 9-4-2
Top of the 5th over - 1 run, 2 hits, 0 errors, 1 left on base; Pennsauken 5 - Hamilton 0
BOTTOM OF THE 5TH
Hamilton Coyotes batting - Pitching for Pennsauken Flyers : LHP Kevin Beckman
Batting: RHB Manuel Vroonland 0-0: Called Strike
0-1: Ground out 4-3 (Groundball, 4, EV 104.4 MPH)
Batting: RHB Júlio Robles 0-0: Foul Ball, location: 2F
0-1: SINGLE (Flyball, 78M, EV 97.5 MPH)
Batting: LHB Freddy Campos 0-0: Fly out, F8 (Flyball, 78D, EV 97.5 MPH)
Batting: RHB Yang-joo Pak 0-0: Called Strike
0-1: Ball
1-1: Ball
2-1: Foul Ball, location: 2F
2-2: Strikes out looking
Bottom of the 5th over - 0 runs, 1 hit, 0 errors, 1 left on base; Pennsauken 5 - Hamilton 0
TOP OF THE 6TH
Pennsauken Flyers batting - Pitching for Hamilton Coyotes : LHP Pete Rhue
Batting: RHB José Ortega 0-0: Fly out, F9 (Flyball, 9LSF, EV 80.0 MPH)
Batting: LHB Rafael Barrueco 0-0: Ball
1-0: Foul Ball, location: 2F
1-1: Ball
2-1: Foul Ball, location: 2F
2-2: Strikes out swinging
Batting: RHB Adam Wiltern 0-0: Ball
1-0: Ball
2-0: Fly out, F7 (Flyball, 7S, EV 85.0 MPH)
Top of the 6th over - 0 runs, 0 hits, 0 errors, 0 left on base; Pennsauken 5 - Hamilton 0
BOTTOM OF THE 6TH
Hamilton Coyotes batting - Pitching for Pennsauken Flyers : LHP Kevin Beckman
Batting: LHB Don McGhee 0-0: Ball
1-0: Ball
2-0: Fly out, F9 (Flyball, 89D, EV 105.6 MPH)
Batting: RHB Giddy Potts 0-0: Fly out, F9 (Flyball, 9LS, EV 80.6 MPH)
Batting: RHB José Bumgarnor 0-0: Ball
1-0: Ball
2-0: Called Strike
2-1: Swinging Strike
2-2: Foul Ball, location: 2F
2-2: Fly out, F8 (Flyball, 89S, EV 92.5 MPH)
Bottom of the 6th over - 0 runs, 0 hits, 0 errors, 0 left on base; Pennsauken 5 - Hamilton 0
TOP OF THE 7TH
Pennsauken Flyers batting - Pitching for Hamilton Coyotes : LHP Pete Rhue
Batting: LHB Masamune Ueda 0-0: Ball
1-0: Called Strike
1-1: Called Strike
1-2: Strikes out swinging
Batting: LHB Michael Cochran 0-0: Ball
1-0: Ball
2-0: Foul Ball, location: 2F
2-1: SOLO HOME RUN (Line Drive, 89XD, EV 101.2 MPH), Distance : 396 ft
Pitching: RHP Ed Maresh
Batting: RHB Kian Curling 0-0: Ball
1-0: Fly out, F8 (Flyball, 78S, EV 84.4 MPH)
Batting: RHB Manuel Vallejo 0-0: Ball
1-0: SINGLE (Groundball, 56, EV 95.6 MPH)
Batting: RHB Bras Castanheta 0-0: Ball
1-0: Ball
2-0: Ground out 1-3 (Groundball, 15S, EV 63.8 MPH)
Top of the 7th over - 1 run, 2 hits, 0 errors, 1 left on base; Pennsauken 6 - Hamilton 0
BOTTOM OF THE 7TH
Hamilton Coyotes batting - Pitching for Pennsauken Flyers : LHP Kevin Beckman
Batting: RHB Hou Kong 0-0: Foul Ball, location: 2F
0-1: Fly out, F7 (Flyball, 7LS, EV 86.9 MPH)
Batting: LHB Bartholomew Bailey 0-0: Ball
1-0: SINGLE (Groundball, 4D, EV 103.8 MPH)
Batting: RHB Manuel Vroonland 0-0: Swinging Strike
0-1: Grounds into double play, 5-4-3 (Groundball, 56, EV 98.8 MPH)
Bottom of the 7th over - 0 runs, 1 hit, 0 errors, 0 left on base; Pennsauken 6 - Hamilton 0
TOP OF THE 8TH
Pennsauken Flyers batting - Pitching for Hamilton Coyotes : RHP Ed Maresh
Batting: RHB Kasper Schuilenberg 0-0: Ball
1-0: Called Strike
1-1: SINGLE (Flyball, 8LS, EV 91.9 MPH)
Batting: RHB José Ortega 0-0: Foul Ball, location: 2F
0-1: Called Strike
0-2: Fly out, F9 (Line Drive, 9D, EV 96.2 MPH)
Batting: LHB Rafael Barrueco 0-0: Ball
1-0: SINGLE (Groundball, 6M, EV 96.9 MPH)
Kasper Schuilenberg to second
Runner from 2nd tries for 3rd, SAFE, no throw by CF
Batting: RHB Adam Wiltern 0-0: Ball
1-0: Ball
Rafael Barrueco steals 2nd base
2-0: Called Strike
2-1: Fly out, F8 (Flyball, 8LS, EV 88.1 MPH)
Batting: LHB Masamune Ueda 0-0: Ball
1-0: Foul Ball, location: 2F
1-1: Ground out 5-3 (Groundball, 5, EV 101.9 MPH)
Top of the 8th over - 0 runs, 2 hits, 0 errors, 2 left on base; Pennsauken 6 - Hamilton 0
BOTTOM OF THE 8TH
Hamilton Coyotes batting - Pitching for Pennsauken Flyers : LHP Kevin Beckman
Batting: RHB Júlio Robles 0-0: Ball
1-0: SINGLE (Groundball, 4MD, EV 100.0 MPH)
Batting: LHB Freddy Campos 0-0: Ball
1-0: Foul Ball, location: 2F
1-1: Foul Ball, location: 2F
1-2: Strikes out swinging
Batting: RHB Yang-joo Pak 0-0: Grounds into double play, 1-6-3 (Groundball, 13, EV 87.5 MPH)
Bottom of the 8th over - 0 runs, 1 hit, 0 errors, 0 left on base; Pennsauken 6 - Hamilton 0
TOP OF THE 9TH
Pennsauken Flyers batting - Pitching for Hamilton Coyotes : RHP Ed Maresh
Batting: LHB Michael Cochran 0-0: Ball
1-0: Called Strike
1-1: Called Strike
1-2: Fly out, F6 (Popup, 15S, EV 88.8 MPH)
Batting: RHB Kian Curling 0-0: Ball
1-0: Called Strike
1-1: Foul Ball, location: 2F
1-2: Ball
2-2: Foul Ball, location: 2F
2-2: Foul Ball, location: 2F
2-2: Ground out 4-3 (Groundball, 34, EV 85.6 MPH)
Batting: RHB Manuel Vallejo 0-0: Swinging Strike
0-1: Ground out 6-3 (Groundball, 6, EV 78.1 MPH)
Top of the 9th over - 0 runs, 0 hits, 0 errors, 0 left on base; Pennsauken 6 - Hamilton 0
BOTTOM OF THE 9TH
Hamilton Coyotes batting - Pitching for Pennsauken Flyers : LHP Kevin Beckman
Batting: LHB Don McGhee 0-0: Ball
1-0: Swinging Strike
1-1: Ball
2-1: Foul Ball, location: 2F
2-2: Foul Ball, location: 2F
2-2: Foul Ball, location: 2F
2-2: Foul Ball, location: 2F
2-2: Ball
3-2: Strikes out looking
Batting: RHB Giddy Potts 0-0: Ball
1-0: Swinging Strike
1-1: Ball
2-1: SINGLE (Flyball, 89S, EV 87.5 MPH)
Batting: RHB José Bumgarnor 0-0: Ball
1-0: Ball
2-0: Ground out 5-3 (Groundball, 56S, EV 82.5 MPH)
Giddy Potts to second
Batting: RHB Hou Kong 0-0: Called Strike
0-1: Fly out, F7 (Flyball, 7LMF, EV 86.2 MPH)
Bottom of the 9th over - 0 runs, 1 hit, 0 errors, 1 left on base; Pennsauken 6 - Hamilton 0
Wednesday, July 8th, 2020 - OOTP Baseball 20.8 Build 74